Map: Blackburn LE

Players

SpeCial - Winner!

  • Race: Terran Terran

Cham

  • Race: Zerg Zerg

Event: DreamHack SC2 Masters 2021 Fall

VOD

Have the link to the VOD?

Description

Time

  • Played on: July 31, 2021, 5:29 p.m.
  • Length: 8:07

All games in this series

Show
View Real Time Build Order
Export as new Build Order

SpeCial Terran - Winner!

Build Orders: 2 Factory, Hellion Opening, Reaper Expand, Mech 

Get SALT Encoding   

  12  0:01  SCV  
  13  0:13  SCV  
  14  0:18  Supply Depot  
  14  0:25  SCV  
  15  0:40  SCV  
  15  0:41  Barracks  
  16  0:44  Refinery  
  16  0:52  SCV  
  17  1:04  SCV  
  18  1:16  SCV  
  19  1:28  Orbital Command, Reaper  
  20  1:39  Command Center  
  20  1:49  Supply Depot  
  21  1:54  SCV  
  21  2:00  Marine  
  22  2:05  Factory  
  22  2:06  SCV  
  23  2:14  Refinery  
  23  2:18  SCV  
  23  2:22  Barracks Reactor  
  24  2:31  SCV  
  25  2:43  SCV  
  25  2:51  Orbital Command  
  25  2:54  Factory  
  25  2:55  SCV  
  26  3:01  Hellion  
  26  3:02  Hellion  
  30  3:06  Marine  
  30  3:07  SCV  
  32  3:15  Supply Depot  
  32  3:16  SCV  
  34  3:20  SCV  
  34  3:23  Hellion x2  
  34  3:24  Marine  
  39  3:28  SCV  
  39  3:32  SCV  
  41  3:37  Factory Tech Lab  
  41  3:39  Supply Depot  
  41  3:41  SCV  
  42  3:44  SCV  
  42  3:47  Hellion x2  
  47  3:54  SCV  
  48  3:56  SCV  
  48  3:57  Cyclone  
  48  4:00  Infernal Pre-Igniter  
  52  4:04  Supply Depot  
  52  4:06  SCV  
  52  4:08  SCV  
  54  4:11  Hellion x2  
  58  4:19  SCV  
  58  4:20  SCV  
  60  4:28  Supply Depot  
  60  4:29  Cyclone  
  63  4:32  SCV  
  63  4:33  SCV  
  63  4:38  Hellion x2  
  69  4:48  Command Center  
  69  4:50  SCV x2  
  71  4:54  Supply Depot  
  71  5:00  Refinery  
  71  5:01  Hellion, Refinery  
  71  5:02  SCV x2  
  75  5:07  Cyclone  
  78  5:15  SCV x2  
  78  5:17  Supply Depot  
  80  5:23  Armory  
  80  5:24  Armory  
  80  5:28  SCV x2  
  76  5:39  Hellion x2  
  76  5:40  Cyclone  
  81  5:43  Barracks Tech Lab  
  81  5:44  SCV x2  
  81  5:45  Factory  
  83  5:56  SCV  
  83  5:57  SCV  
  85  6:02  Hellion x2  
  82  6:12  SCV, Siege Tank  
  82  6:17  SCV  
  77  6:26  Hellion x2  
  77  6:29  Orbital Command  
  81  6:36  SCV  
  82  6:43  Siege Tank  
  82  6:44  Barracks Tech Lab, Siege Tank  
  82  6:45  Starport  
  88  6:47  Hellion x2  
  88  6:50  SCV x2  
  90  7:02  SCV  
  87  7:11  Hellion  
  87  7:12  Hellion  
  87  7:15  Siege Tank, Supply Depot  
  91  7:16  Siege Tank  
  91  7:18  Supply Depot  
  86  7:30  SCV  
  86  7:36  SCV  
  76  7:38  Hellion  
  76  7:39  Hellion  
  76  7:42  SCV  
  70  7:48  SCV  
  72  7:55  SCV  
Show
View Real Time Build Order
Export as new Build Order

Cham Zerg 

Build Orders: Hatch First 

Get SALT Encoding   

  12  0:00  Drone  
  13  0:08  Drone  
  14  0:17  Overlord  
  14  0:35  Drone x2  
  16  0:46  Hatchery  
  15  0:51  Drone  
  15  0:55  Drone  
  17  0:58  Drone  
  18  1:12  Spawning Pool  
  18  1:14  Extractor  
  18  1:16  Drone  
  17  1:20  Drone  
  18  1:30  Drone  
  19  1:40  Drone  
  20  1:50  Drone  
  21  1:58  Queen x2  
  21  1:59  Zergling x2  
  27  2:01  Zergling x2  
  27  2:09  Drone  
  27  2:13  Overlord  
  27  2:14  Metabolic Boost  
  28  2:34  Hatchery  
  27  2:45  Drone x3  
  27  2:47  Drone  
  27  2:49  Queen  
  33  2:53  Overlord  
  33  2:58  Drone x2  
  35  3:01  Drone  
  36  3:11  Drone x4  
  36  3:12  Drone  
  41  3:14  Drone  
  41  3:16  Drone  
  43  3:21  Overlord  
  43  3:25  Overlord  
  43  3:31  Queen, Extractor  
  45  3:40  Drone  
  46  3:41  Zergling x2  
  46  3:42  Zergling x2  
  46  3:44  Zergling x2  
  46  3:46  Queen, Drone  
  46  3:47  Drone  
  53  3:56  Overlord  
  53  3:57  Drone x3  
  53  3:58  Drone  
  53  4:00  Drone  
  58  4:02  Queen  
  58  4:06  Drone  
  61  4:13  Drone x2  
  61  4:14  Drone x3  
  66  4:19  Drone x2  
  66  4:22  Drone, Lair  
  69  4:24  Spore Crawler  
  69  4:26  Extractor, Spore Crawler  
  69  4:28  Spore Crawler  
  65  4:33  Drone  
  65  4:34  Drone  
  65  4:35  Drone x3  
  65  4:38  Overlord  
  70  4:40  Drone  
  70  4:43  Drone  
  70  4:44  Drone x2  
  74  4:47  Extractor  
  74  4:48  Extractor  
  74  4:50  Drone x2  
  74  4:51  Evolution Chamber  
  73  4:53  Evolution Chamber  
  73  4:54  Drone x2  
  74  5:00  Drone x3, Roach Warren  
  74  5:04  Drone, Extractor x2  
  74  5:05  Drone  
  76  5:08  Drone x2  
  76  5:13  Overlord  
  78  5:15  Drone x2  
  78  5:18  Drone x2  
  78  5:29  Zergling x8  
  77  5:39  Roach x4  
  77  5:41  Zergling x2  
  80  5:44  Roach  
  80  5:45  Overlord, Glial Reconstitution  
  77  5:50  Evolution Chamber  
  77  5:53  Roach, Spore Crawler  
  77  5:54  Roach  
  75  5:58  Roach x3  
  75  6:04  Roach x2  
  68  6:05  Roach x2  
  68  6:09  Roach  
  68  6:11  Evolution Chamber  
  65  6:20  Roach x3  
  68  6:26  Roach  
  68  6:28  Roach  
  68  6:31  Roach  
  74  6:34  Zergling x2  
  74  6:36  Ravager x2  
  74  6:37  Zergling x2  
  74  6:38  Ravager  
  74  6:39  Ravager  
  80  6:41  Roach  
  80  6:42  Roach x2  
  86  6:54  Roach x2  
  86  6:55  Zergling x2, Ravager x2  
  88  7:02  Zergling x2  
  88  7:03  Ravager  
  86  7:16  Zergling x4  
  86  7:17  Ravager  
  89  7:27  Zergling x2, Roach x2  
  59  7:39  Roach  
  59  7:42  Roach x2  
  54  7:45  Roach  
  54  7:46  Zergling x8  

Tags
 
Add a new tag
Caveats
  • Supply blocks, unpowered buildings, or Contaminate may cause inaccurate times.
  • Supply counts are checked every 10 seconds.